 Dungeon Crawl Stone Soup version 0.24.0-13-gcf9b319 (webtiles) character file.

Game seed: 13268123026865058831, levelgen mode: deterministic

24 Bronimir the Firebug (level 3, 0/32 HPs)
             Began as an Ogre Fire Elementalist on Apr 10, 2020.
             Succumbed to a goblin's poison
             ... on level 1 of the Dungeon.
             The game lasted 00:02:39 (516 turns).

Bronimir the Firebug (Ogre Fire Elementalist)        Turns: 516, Time: 00:02:39

Health: 0/32       AC:  3    Str: 13    XL:     3   Next: 2%
Magic:  4/6        EV: 10    Int: 16    God:
Gold:   0          SH:  0    Dex:  9    Spells: 6/7 levels left

rFire    . . .     SeeInvis .   d - +0 club
rCold    . . .     Gourm    .   (no shield)
rNeg     . . .     Faith    .   a - +0 robe
rPois    .         Spirit   .   (helmet restricted)
rElec    .         Reflect  .   (no cloak)
rCorr    .         Harm     .   (gloves unavailable)
MR       .....                  (boots unavailable)
Stlth    +.........             (no amulet)
HPRegen  0.10/turn              (no ring)
MPRegen  0.10/turn              (no ring)

@: lethally poisoned (0 -> -2)
A: large, unfitting armour, tough skin 1
a: no special abilities


You were on level 1 of the Dungeon.
You were not hungry.

You visited 1 branch of the dungeon, and saw 1 of its levels.

Inventory:

Hand Weapons
 d - a +0 club (weapon)
Missiles
 e - 15 stones (quivered)
 g - 6 large rocks
Armour
 a - a +0 robe (worn)
Scrolls
 f - a scroll of enchant armour {unknown}
Comestibles
 b - 7 chunks of flesh
 c - a ration


   Skills:
 * Level 0.8 Fighting
 * Level 1.9 Dodging
 - Level 1.4 Stealth
 + Level 0.1 Unarmed Combat
 * Level 2.5 Spellcasting
 * Level 1.2 Conjurations
 * Level 3.2 Fire Magic


You had 6 spell levels left.
You knew the following spells:

 Your Spells              Type           Power        Failure   Level  Hunger
a - Flame Tongue          Conj/Fire      #....        8%          1    #......

Your spell library contained the following spells:

 Spells                   Type           Power        Failure   Level  Hunger
 Throw Flame              Conj/Fire      #.....       12%         2    ##.....
 Conjure Flame            Conj/Fire      #.......     24%         3    ###....
 Inner Flame              Hex/Fire       #.......     30%         3    ###....
 Sticky Flame             Conj/Fire      #.......     61%         4    #####..
 Fireball                 Conj/Fire      #.........   91%         5    ######.


Dungeon Overview and Level Annotations

Branches:
Dungeon (1/15)

Altars:


Innate Abilities, Weirdness & Mutations

You are too large for most types of armour.
You have tough skin. (AC +1)


Message History

You feel sick.
* * * LOW HITPOINT WARNING * * *
You feel sick.
* * * LOW HITPOINT WARNING * * *
You feel sick.
* * * LOW HITPOINT WARNING * * *
You feel sick.
Found 3 gold pieces.
* * * LOW HITPOINT WARNING * * *
You feel sick.
* * * LOW HITPOINT WARNING * * *
You feel sick.
You see here 3 gold pieces.
* * * LOW HITPOINT WARNING * * *
You feel sick.
You open the door.
* * * LOW HITPOINT WARNING * * *
You feel sick.
There is an open door here.
You die...

......)...# #....#
####......####....#
..........+.......#
.#.#......# #.....########
.#.#......# #.....'......#
†#.#.#########....#####$##
.#.#..............## #.#
.#.##########......# #.#
........†(.>#.##@#.# #.#
.#.#######..?%#.##.# #.#
.#.# #.##).#...####.# ...#
#.#.#.##.......# ####
#...##...#####.#
.......##.# #.# #####.##
#.# #.# ... ..# #.# ###..
#.. ..#


There were no monsters in sight!

Vanquished Creatures
  A dart slug (D:1)
  2 leopard geckos (D:1)
  2 bats (D:1)
  2 giant cockroaches (D:1)
  3 goblins (D:1)
  4 hobgoblins (D:1)
  A frilled lizard (D:1)
  A kobold (D:1)
  3 rats (D:1)
19 creatures vanquished.

Notes
Turn   | Place    | Note
-------+----------+-------------------------------------------
     0 | D:1      | Bronimir the Ogre Fire Elementalist began the quest for the
                  | Orb.
     0 | D:1      | Reached XP level 1. HP: 16/16 MP: 3/3
   203 | D:1      | Reached skill level 1 in Conjurations
   203 | D:1      | Reached skill level 3 in Fire Magic
   203 | D:1      | Reached XP level 2. HP: 24/24 MP: 0/5
   479 | D:1      | Reached XP level 3. HP: 23/32 MP: 0/6
   508 | D:1      | HP: 1/32 [poisoned by a goblin]
   516 | D:1      | Succumbed to a goblin's poison

Levels and vault maps discovered:
D:1:      minmay_arrival_doors, layout_basic, minmay_tromino_v7

Skill      XL: |  1 |
---------------+----+-----
Conjurations   | 1 |  1.2
Fire Magic     | 3 |  3.2
Fighting       | |  0.8
Dodging        | |  1.9
Stealth        | |  1.4
Unarmed Combat | |  0.1
Spellcasting   | |  2.5

Action                   || total
-------------------------++-------
Melee: Unarmed           ||    18
       Club              ||     9
 Cast: Flame Tongue      ||    24
Armor: Robe              ||    17
Dodge: Dodged            ||    23
